 Dungeon Crawl Stone Soup version 0.15-a0-1363-g87d8b17 (webtiles) character file.

84 Crauler the Ruffian (level 4, -3/36 HPs)
             Began as a Draconian Transmuter on June 9, 2014.
             Killed from afar by an orc wizard (9 damage)
             ... with a puff of flame
             ... on Level 3 of the Dungeon.
             The game lasted 00:03:28 (1708 turns).

Crauler the Ruffian (Draconian Transmuter)          Turns: 1708, Time: 00:03:28

HP  -3/36        AC  6     Str 13      XL: 4   Next: 23%
MP   7/7         EV 12     Int 15      God:
Gold 88          SH  0     Dex 11      Spells:  2 memorised,  3 levels left

rFire  . . .     SeeInvis .       - Unarmed
rCold  . . .     Clarity  .     (armour unavailable)
rNeg   . . .     rCorr    .     (no shield)
rPois  .         rRot     .     (helmet restricted)
rElec  .         Spirit   .     (no cloak)
SustAb .         Warding  .     e - +0 pair of gloves
rMut   .         Stasis   .     (no boots)
Gourm  .                        (no amulet)
MR     .....                    (no ring)
                                h - +1 ring of strength

@: not resistant to hostile enchantments, very unstealthy
A: unfitting armour, cold-blooded, AC +5
a: no special abilities


You were on level 3 of the Dungeon.
You were near starving.

You visited 1 branch of the dungeon, and saw 3 of its levels.

You collected 88 gold pieces.

Inventory:

Missiles
 b - 12 arrows
Armour
 e - a +0 pair of gloves (worn)
Comestibles
 a - 2 bread rations
Scrolls
 c - a scroll of recharging {unknown}
 f - 3 scrolls of identify {unknown}
 g - a scroll of amnesia {unknown}
 i - a scroll of enchant armour {unknown}
 j - a scroll of blinking {unknown}
 k - a scroll of fear {unknown}
 n - 2 scrolls of teleportation {unknown}
 o - a scroll of noise {unknown}
Jewellery
 h - a +1 ring of strength (left hand)
Potions
 l - 2 potions of curing {unknown}
 m - a potion of lignification {unknown}
 p - a potion of poison {unknown}
Books
 d - a book of Changes

   Spells                             Type                      Level
   *Beastly Appendage                 Transmutation                1
   Sticks to Snakes                   Transmutation                2
   *Spider Form                       Transmutation/Poison         3
   Ice Form                           Ice/Transmutation            4
   Blade Hands                        Transmutation                5


   Skills:
 + Level 1.7 Fighting
 * Level 2.5 Dodging
 * Level 3.8 Unarmed Combat
 + Level 2.2 Spellcasting
 * Level 2.6 Transmutations


You had 3 spell levels left.
You knew the following spells:

 Your Spells              Type           Power        Failure   Level  Hunger
a - Beastly Appendage     Trmt           #.....       10%         1    #......
b - Spider Form           Trmt/Pois      #.........   43%         3    ####...


Dungeon Overview and Level Annotations

Branches:
Dungeon (3/15)

Altars:
Ashenzari
Cheibriados
Gozag


Innate Abilities, Weirdness & Mutations

Your plain brown scales are hard (AC +5).*
Your body does not fit into most forms of armour.
Your cold-blooded metabolism reacts poorly to cold.*


Message History

You closely miss something. You tail-slap something.
Something hits you but does no damage.
Ouch! You feel less confused. Something hits you.
You hit something but do no damage. Something hits you.
You barely miss something. You tail-slap something.
Something hits you but does no damage.
You closely miss something. Something hits you but does no damage.
You hit something.
You hear some strange, mumbled words.
The magic dart hits you!
* * * LOW HITPOINT WARNING * * *
You miss something.
Your tail-slap misses something.
Something barely misses you.
You barely miss something. Something hits you but does no damage.
You closely miss something.
Your tail-slap misses something.
You hear some strange, mumbled words.
The puff of flame hits you!
You die...

..######.(.....#.#
#.......#.##..
###.........##..
##...........##.#
#######.........#.....####
.........................
...###.........##......#
...###..>......##..##..##
................@()#....###
...###.........###..(.))..#
..<# ##.......##
#......_...... ...#
#.........# #........####
#### #.........# ##.......#
#.........# ##....###
#.........# ##..##
#.........# #..#
##.......## ####


There were no monsters in sight!

Vanquished Creatures
  2 adders (D:2)
  A giant mite (D:2)
  An ooze (D:3)
  3 orcs (D:3)
  3 ball pythons
  3 giant cockroaches
  4 goblins
  7 hobgoblins
  9 kobolds
  5 bats
  A giant gecko (D:2)
  2 giant newts
  6 jackals
  4 rats
51 creatures vanquished.

Notes
Turn   | Place    | Note
--------------------------------------------------------------
     0 | D:1      | Crauler, the Draconian Transmuter, began the quest for the Orb.
     0 | D:1      | Reached XP level 1. HP: 16/16 MP: 3/3
   207 | D:1      | Reached XP level 2. HP: 12/23 MP: 4/4
   759 | D:1      | Reached XP level 3. HP: 20/28 MP: 6/6
   764 | D:1      | Learned a level 3 spell: Spider Form
   886 | D:2      | Found an opulent altar of Gozag.
  1249 | D:2      | Found a shattered altar of Ashenzari.
  1433 | D:2      | Reached XP level 4. HP: 29/36 MP: 7/7
  1664 | D:3      | Found a snail-covered altar of Cheibriados.
  1708 | D:3      | Killed from afar by an orc wizard

Action                   |  1- 3 |  4- 6 || total
-------------------------+-------+-------++-------
Melee: Unarmed           |   157 |    41 ||   198
  Use: Potion            |     2 |       ||     2
